Blues vs Islanders

Created - November 26, 2024 at 19:35

Goals
1 2 3 T
Blues 1 0 1 2
Islanders 0 0 0 0
Shots
1 2 3 T
Blues 12 15 10 37
Islanders 12 7 8 27

1st period

1. Blues , Teuvo Teravainen 3 (Jujhar Khaira 2, Devin Shore 3) at 7:44

Penalties :
Ryan Ellis (NyI) for Elbowing (Minor) at 8:15, Yann Sauvé (NyI) for Tripping (Minor) at 13:11

2nd period

No Goal

Penalties :
Cody Ceci (Stl) for Slashing (Minor) at 3:48, Ryan Ellis (NyI) for Roughing (Minor) at 11:20

3rd period

2. Blues , Jujhar Khaira 2 (Teuvo Teravainen 9, Devin Shore 4) at 6:04

Penalties :
No Penalty

Goalie Stats

Carey Price (Stl), 27 saves from 27 shots - (1.000), W, 9-3-0, 60:00 minutes
Joonas Korpisalo (NyI), 35 saves from 37 shots - (0.946), L, 1-2-0, 60:00 minutes

Players Stats for Blues

Player Name              G  A  P  +/- PIM S  H  SB GA TA FO     MP     PP MP  PK MP  
------------------------------------------------------------------------------------
Adam Henrique            0  0  0   0  0   0  0  0  0  0  2/5    13:21   2:16   0:29 
Brandon Montour          0  0  0   2  0   1  1  0  0  1  0/0    17:25   0:00   0:24 
Cody Ceci                0  0  0   0  2   2  2  1  1  0  0/0    21:03   0:00   0:00 
David Perron             0  0  0   0  0   1  1  0  0  0  0/0    13:26   2:16   0:29 
Devin Shore              0  2  2   2  0   3  2  0  0  0  7/14   14:37   0:00   0:33 
Dominik Simon            0  0  0   0  0   0  0  1  0  0  0/0     7:51   0:00   0:00 
Drew Shore               0  0  0   0  0   1  2  0  1  0  1/1     9:21   0:00   0:57 
Ethan Bear               0  0  0   0  0   2  0  0  0  0  0/0    17:42   3:54   1:01 
Filip Forsberg           0  0  0   0  0   3  4  0  1  0  0/0    22:55   3:41   0:00 
Jordan Kyrou             0  0  0   0  0   2  1  0  0  0  0/0     8:35   0:00   0:00 
Josh Morrissey           0  0  0   2  0   1  2  2  0  1  0/0    22:09   2:03   0:27 
Jujhar Khaira            1  1  2   2  0   3  0  0  0  0  0/0    13:49   0:00   0:00 
Nathan MacKinnon         0  0  0   0  0   8  1  1  1  0  16/24  22:55   3:41   0:00 
Nick Schmaltz            0  0  0   0  0   1  1  0  0  0  0/0    11:47   0:02   0:57 
Nikolaj Ehlers           0  0  0   0  0   4  3  0  4  1  1/1    21:31   2:16   0:00 
Seth Jones               0  0  0   0  0   0  0  0  0  1  0/0    24:01   3:54   1:05 
Teuvo Teravainen         1  1  2   2  0   4  0  1  1  1  0/0    18:18   3:39   0:33 
Travis Sanheim           0  0  0   0  0   1  2  0  0  1  0/0    17:14   2:03   1:01 

Players Stats for Islanders

Player Name              G  A  P  +/- PIM S  H  SB GA TA FO     MP     PP MP  PK MP  
------------------------------------------------------------------------------------
Brady Skjei              0  0  0  -1  0   1  1  0  0  0  0/0    16:09   1:08   2:10 
Brandon Sutter           0  0  0  -1  0   1  1  0  0  0  7/9    16:23   0:58   2:18 
Brayden Schenn           0  0  0  -1  0   4  1  0  2  0  7/29   20:05   1:01   3:31 
Brian Ferlin             0  0  0   0  0   2  1  0  0  0  0/0    10:35   0:00   0:00 
Brock McGinn             0  0  0  -1  0   1  0  0  0  2  1/2    19:53   1:01   3:28 
Dylan McIlrath           0  0  0   0  0   2  2  2  0  0  0/0    20:44   1:14   3:42 
Emerson Etem             0  0  0   0  0   3  1  0  0  0  0/0    14:58   0:00   0:48 
Gabriel Carlsson         0  0  0  -1  0   0  0  1  0  1  0/0    14:45   0:34   0:34 
Garnet Hathaway          0  0  0  -1  0   1  2  0  1  0  0/0    13:39   0:58   0:00 
Jamie Arniel             0  0  0   0  0   1  1  0  0  0  1/1    10:35   0:00   0:08 
Jason Akeson             0  0  0   0  0   1  2  0  0  0  0/0    13:04   0:00   0:00 
Kellan Lain              0  0  0  -1  0   2  0  0  0  0  0/0    15:15   0:58   1:41 
Michael Latta            0  0  0   0  0   1  1  0  0  0  1/3    13:52   0:00   0:00 
Nikita Zadorov           0  0  0  -1  0   2  1  0  0  1  0/0    25:57   0:00   4:03 
Ryan Ellis               0  0  0  -1  4   1  2  1  1  4  0/0    23:21   0:00   1:02 
Sergei Plotnikov         0  0  0   0  0   0  1  0  0  0  0/0    10:04   0:00   0:00 
Vladimir Tarasenko       0  0  0  -1  0   3  1  0  2  1  1/1    16:31   1:01   0:00 
Yann Sauvé               0  0  0   0  2   1  1  0  0  0  0/0    18:10   1:02   0:23 

3 Stars

1 - Carey Price (Stl)
2 - Teuvo Teravainen (Stl)
3 - Jujhar Khaira (Stl)

Power Play

Blues - 0 on 3 Attempt(s) - 0.00%
Islanders - 0 on 1 Attempt(s) - 0.00%

Penalty Kill

Blues - 1 on 1 Attempt(s) - 100.00% - Score 0 goal in Penalty Kill
Islanders - 3 on 3 Attempt(s) - 100.00% - Score 0 goal in Penalty Kill

Team Stat

Blues - Hits : 22 - Faceoff Wins : 27 - Blocked Shots : 6 - Penalty Minutes : 2
Islanders - Hits : 19 - Faceoff Wins : 18 - Blocked Shots : 4 - Penalty Minutes : 6

Official

Referees : Brandon Schrader and Tom Chmielewski
Linesman : Kyle Flemington and Ryan Daisy

Game Notes

No Game Note

Finance

Level 1 -- Attendance: 6000 (100.00%) -- Ticket Income $600,000
Level 2 -- Attendance: 4621 (92.42%) -- Ticket Income $323,470
Level 3 -- Attendance: 2000 (100.00%) -- Ticket Income $80,000
Level 4 -- Attendance: 4000 (100.00%) -- Ticket Income $120,000
Luxury Box -- Attendance: 1000 (100.00%) -- Ticket Income $200,000
Game was played at the Nassau Coliseum.
Total Attendance: 17621 (97.89%)
Total Ticket Income: $1,323,470
Other Income: $198,520
Total Income: $1,521,990

Blues

5 vs 5 Forward 
   Center                   Left Wing                Right Wing               Time % Phy DF OF 
 1 Nathan MacKinnon         Filip Forsberg           Nikolaj Ehlers           40     0   2  3  
 2 Devin Shore              Jujhar Khaira            Teuvo Teravainen         30     0   2  3  
 3 Adam Henrique            David Perron             Nick Schmaltz            20     1   2  2  
 4 Drew Shore               Dominik Simon            Jordan Kyrou             10     0   3  2  

5 vs 5 Defense 
   Defense                  Defense                                           Time % Phy DF OF 
 1 Seth Jones               Cody Ceci                                         40     1   2  2  
 2 Josh Morrissey           Brandon Montour                                   30     1   2  2  
 3 Ethan Bear               Travis Sanheim                                    20     1   2  2  
 4 Josh Morrissey           Cody Ceci                                         10     1   2  2  

PowerPlay Forward 
   Center                   Left Wing                Right Wing               Time % Phy DF OF 
 1 Nathan MacKinnon         Filip Forsberg           Teuvo Teravainen         60     0   2  3  
 2 Adam Henrique            David Perron             Nikolaj Ehlers           40     0   2  3  

PowerPlay Defense
   Defense                  Defense                                           Time % Phy DF OF 
 1 Seth Jones               Ethan Bear                                        60     0   2  3  
 2 Josh Morrissey           Travis Sanheim                                    40     0   2  3  

Penalty Kill 4 Players Forward 
   Center                   Wing                     Time % Phy DF OF 
 1 Drew Shore               Nick Schmaltz            60     1   3  1  
 2 Devin Shore              Teuvo Teravainen         40     1   3  1  

Penalty Kill 4 Players Defense
   Defense                  Defense                  Time % Phy DF OF 
 1 Brandon Montour          Cody Ceci                60     1   2  2  
 2 Josh Morrissey           Seth Jones               40     1   2  2  

Penalty Kill - 3 Players Forward 
   Forward                                           Time % Phy DF OF 
 1 Drew Shore                                        60     1   2  2  
 2 Devin Shore                                       40     1   2  2  

Penalty Kill - 3 Players Defense
   Defense                  Defense                  Time % Phy DF OF 
 1 Cody Ceci                Brandon Montour          60     1   2  2  
 2 Seth Jones               Josh Morrissey           40     1   2  2  

4 vs 4 Forward 
   Center                   Wing                     Time % Phy DF OF 
 1 Nathan MacKinnon         Filip Forsberg           60     1   2  2  
 2 Devin Shore              Nikolaj Ehlers           40     1   2  2  

4 vs 4 Defense
   Defense                  Defense                  Time % Phy DF OF 
 1 Seth Jones               Brandon Montour          60     1   2  2  
 2 Cody Ceci                Josh Morrissey           40     1   2  2  

Last Minutes Offensive
   Center                   Left Wing                Right Wing               Defense                  Defense                  
   Nathan MacKinnon         Filip Forsberg           Nikolaj Ehlers           Seth Jones               Travis Sanheim           

Last Minutes Defensive
   Center                   Left Wing                Right Wing               Defense                  Defense                  
   Drew Shore               Jujhar Khaira            Teuvo Teravainen         Brandon Montour          Cody Ceci                

Goaltenders
Starting : Carey Price              
Backup : Jake Oettinger           

Extra Forwards
Normal : Jordan Kyrou, Nikolaj Ehlers, Drew Shore - PP : David Perron, Teuvo Teravainen - PK : Filip Forsberg
Extra Defensemen
Normal : Cody Ceci, Travis Sanheim, Seth Jones - PP : Cody Ceci - PK : Seth Jones, Travis Sanheim
Penalty Shots
Jordan Kyrou, David Perron, Filip Forsberg, Teuvo Teravainen, Devin Shore
Custom OT Lines Forwards
Filip Forsberg, Nathan MacKinnon, Teuvo Teravainen, Nikolaj Ehlers, David Perron, Devin Shore, Adam Henrique, Jujhar Khaira, Drew Shore, Nick Schmaltz
Custom OT Lines Defensemen
Seth Jones, Josh Morrissey, Brandon Montour, Travis Sanheim, Cody Ceci

Scratches
Petter Granberg (Healthy), Luke Glendening (Healthy)

Islanders

5 vs 5 Forward 
   Center                   Left Wing                Right Wing               Time % Phy DF OF 
 1 Brayden Schenn           Brock McGinn             Vladimir Tarasenko       40     1   2  2  
 2 Brandon Sutter           Kellan Lain              Garnet Hathaway          30     1   2  2  
 3 Michael Latta            Emerson Etem             Jason Akeson             20     1   2  2  
 4 Jamie Arniel             Sergei Plotnikov         Brian Ferlin             10     1   2  2  

5 vs 5 Defense 
   Defense                  Defense                                           Time % Phy DF OF 
 1 Ryan Ellis               Nikita Zadorov                                    40     1   2  2  
 2 Yann Sauvé               Dylan McIlrath                                    30     1   2  2  
 3 Brady Skjei              Gabriel Carlsson                                  20     1   2  2  
 4 Ryan Ellis               Nikita Zadorov                                    10     1   2  2  

PowerPlay Forward 
   Center                   Left Wing                Right Wing               Time % Phy DF OF 
 1 Brayden Schenn           Brock McGinn             Vladimir Tarasenko       60     1   2  2  
 2 Brandon Sutter           Kellan Lain              Garnet Hathaway          40     1   2  2  

PowerPlay Defense
   Defense                  Defense                                           Time % Phy DF OF 
 1 Ryan Ellis               Nikita Zadorov                                    60     1   2  2  
 2 Yann Sauvé               Dylan McIlrath                                    40     1   2  2  

Penalty Kill 4 Players Forward 
   Center                   Wing                     Time % Phy DF OF 
 1 Brayden Schenn           Brock McGinn             60     1   2  2  
 2 Brandon Sutter           Kellan Lain              40     1   2  2  

Penalty Kill 4 Players Defense
   Defense                  Defense                  Time % Phy DF OF 
 1 Ryan Ellis               Nikita Zadorov           60     1   2  2  
 2 Yann Sauvé               Dylan McIlrath           40     1   2  2  

Penalty Kill - 3 Players Forward 
   Forward                                           Time % Phy DF OF 
 1 Brayden Schenn                                    60     1   2  2  
 2 Brandon Sutter                                    40     1   2  2  

Penalty Kill - 3 Players Defense
   Defense                  Defense                  Time % Phy DF OF 
 1 Ryan Ellis               Nikita Zadorov           60     1   2  2  
 2 Yann Sauvé               Dylan McIlrath           40     1   2  2  

4 vs 4 Forward 
   Center                   Wing                     Time % Phy DF OF 
 1 Brayden Schenn           Brock McGinn             60     1   2  2  
 2 Brandon Sutter           Kellan Lain              40     1   2  2  

4 vs 4 Defense
   Defense                  Defense                  Time % Phy DF OF 
 1 Ryan Ellis               Nikita Zadorov           60     1   2  2  
 2 Yann Sauvé               Dylan McIlrath           40     1   2  2  

Last Minutes Offensive
   Center                   Left Wing                Right Wing               Defense                  Defense                  
   Brayden Schenn           Brock McGinn             Vladimir Tarasenko       Ryan Ellis               Nikita Zadorov           

Last Minutes Defensive
   Center                   Left Wing                Right Wing               Defense                  Defense                  
   Brayden Schenn           Brock McGinn             Vladimir Tarasenko       Ryan Ellis               Nikita Zadorov           

Goaltenders
Starting : Joonas Korpisalo         
Backup : Tyler Weiman             

Extra Forwards
Normal : Brandon Sutter, Michael Latta, Garnet Hathaway - PP : Brandon Sutter, Michael Latta - PK : Brandon Sutter
Extra Defensemen
Normal : Dylan McIlrath, Brady Skjei, Gabriel Carlsson - PP : Dylan McIlrath - PK : Dylan McIlrath, Brady Skjei
Penalty Shots
Vladimir Tarasenko, Brayden Schenn, Brock McGinn, Kellan Lain, Brandon Sutter
Custom OT Lines Forwards
Vladimir Tarasenko, Brayden Schenn, Brock McGinn, Kellan Lain, Brandon Sutter, Michael Latta, Garnet Hathaway, Jason Akeson, Emerson Etem, Jamie Arniel
Custom OT Lines Defensemen
Ryan Ellis, Nikita Zadorov, Yann Sauvé, Brady Skjei, Dylan McIlrath

Scratches
Jordan Greenway (Healthy)

% Time on Ice - Blues

Lines # - Real PCT - Wanted PCT - Time Play
Normal Forward
1 - 38% - 40% - 19:44
2 - 27% - 30% - 14:08
3 - 20% - 20% - 10:21
4 - 15% - 10% - 7:51
Normal Defense
1 - 36% - 40% - 18:52
2 - 38% - 30% - 19:51
3 - 20% - 20% - 10:16
4 - 6% - 10% - 3:05
PP Forward
1 - 62% - 60% - 3:41
2 - 38% - 40% - 2:16
PP Defense
1 - 66% - 60% - 3:54
2 - 34% - 40% - 2:03
PK Forward
1 - 72% - 60% - 1:26
2 - 28% - 40% - 0:33
PK Defense
1 - 100% - 60% - 1:59
2 - 0% - 40% - 0:00
PK3 Forward
1 - 0% - 60%
2 - 0% - 40%
PK3 Defense
1 - 0% - 60%
2 - 0% - 40%
44 Forward
1 - 0% - 60%
2 - 0% - 40%
44 Defense
1 - 0% - 60%
2 - 0% - 40%
Last Minute Offensive  - 0:00
Last Minute Defensive  - 0:00
Total
Forward - 60:00
Defense - 60:00

% Time on Ice - Islanders

Lines # - Real PCT - Wanted PCT - Time Play
Normal Forward
1 - 31% - 40% - 16:12
2 - 24% - 30% - 12:44
3 - 25% - 20% - 13:04
4 - 19% - 10% - 10:04
Normal Defense
1 - 40% - 40% - 20:35
2 - 34% - 30% - 17:33
3 - 22% - 20% - 11:26
4 - 5% - 10% - 2:30
PP Forward
1 - 51% - 60% - 1:01
2 - 49% - 40% - 0:58
PP Defense
1 - 18% - 60% - 0:22
2 - 82% - 40% - 1:37
PK Forward
1 - 72% - 60% - 4:16
2 - 28% - 40% - 1:41
PK Defense
1 - 78% - 60% - 4:37
2 - 22% - 40% - 1:20
PK3 Forward
1 - 0% - 60%
2 - 0% - 40%
PK3 Defense
1 - 0% - 60%
2 - 0% - 40%
44 Forward
1 - 0% - 60%
2 - 0% - 40%
44 Defense
1 - 0% - 60%
2 - 0% - 40%
Last Minute Offensive  - 0:00
Last Minute Defensive  - 0:00
Total
Forward - 60:00
Defense - 60:00

Play-by-Play

1st period


0:01 of 1st period - Nikolaj Ehlers wins face-off versus Brayden Schenn in neutral zone.
0:27 of 1st period - Ryan Ellis is hit by Cody Ceci and loses puck.
1:17 of 1st period - Snap shot by Jamie Arniel.
1:17 of 1st period - Shot Misses the Net.
1:19 of 1st period - Wrist shot by Jamie Arniel.
1:19 of 1st period - Deflect By Brian Ferlin.
1:19 of 1st period - Stopped by Carey Price without a rebound.
1:20 of 1st period - Brayden Schenn wins face-off versus Nathan MacKinnon in Blues zone.
2:11 of 1st period - Wrist shot by Emerson Etem.
2:11 of 1st period - Stopped by Carey Price without a rebound.
2:12 of 1st period - Michael Latta wins face-off versus Adam Henrique in Blues zone.
2:28 of 1st period - Wrist shot by Michael Latta.
2:28 of 1st period - Shot Misses the Net.
3:04 of 1st period - Slapshot by Michael Latta.
3:04 of 1st period - Shot Blocked by Josh Morrissey.
3:06 of 1st period - Slapshot by Jason Akeson.
3:06 of 1st period - Shot Misses the Net.
3:32 of 1st period - Slapshot by Adam Henrique.
3:32 of 1st period - Shot Misses the Net.
4:22 of 1st period - Snap shot by Emerson Etem.
4:22 of 1st period - Stopped by Carey Price with a rebound.
4:24 of 1st period - Slapshot by Brady Skjei.
4:24 of 1st period - Stopped by Carey Price without a rebound.
4:25 of 1st period - Nathan MacKinnon wins face-off versus Brayden Schenn in Blues zone.
4:42 of 1st period - Snap shot by Nikolaj Ehlers.
4:42 of 1st period - Stopped by Joonas Korpisalo without a rebound.
4:43 of 1st period - Brandon Sutter wins face-off versus Devin Shore in Islanders zone.
5:09 of 1st period - Brock McGinn is hit by Filip Forsberg.
5:13 of 1st period - Wrist shot by Brayden Schenn.
5:13 of 1st period - Stopped by Carey Price without a rebound.
5:14 of 1st period - Nathan MacKinnon wins face-off versus Brayden Schenn in Blues zone.
5:14 of 1st period - Nathan MacKinnon is hit by Brayden Schenn.
6:10 of 1st period - Slapshot by Kellan Lain.
6:10 of 1st period - Stopped by Carey Price without a rebound.
6:11 of 1st period - Brandon Sutter wins face-off versus Devin Shore in Blues zone.
6:42 of 1st period - Wrist shot by Brandon Sutter.
6:42 of 1st period - Shot Hit the Post.
7:20 of 1st period - Backhand shot by Garnet Hathaway.
7:20 of 1st period - Stopped by Carey Price with a rebound.
7:44 of 1st period - Wrist shot by Teuvo Teravainen.
7:44 of 1st period - Goal by Teuvo Teravainen - Blues : 1 - Islanders : 0.
7:45 of 1st period - Nathan MacKinnon wins face-off versus Brayden Schenn in neutral zone.
7:52 of 1st period - Snap shot by Nathan MacKinnon.
7:52 of 1st period - Deflect By Nikolaj Ehlers.
7:52 of 1st period - Shot Hit the Post.
7:52 of 1st period - Puck is out of play.
7:53 of 1st period - Nathan MacKinnon wins face-off versus Brayden Schenn in Islanders zone.
8:15 of 1st period - Minor Penalty to Ryan Ellis for Elbowing.
8:16 of 1st period - Nathan MacKinnon wins face-off versus Brayden Schenn in Islanders zone.
8:20 of 1st period - Snap shot by Filip Forsberg.
8:20 of 1st period - Stopped by Joonas Korpisalo without a rebound.
8:21 of 1st period - Brayden Schenn wins face-off versus Nathan MacKinnon in Islanders zone.
8:54 of 1st period - Slapshot by Seth Jones.
8:54 of 1st period - Deflect By Teuvo Teravainen.
8:54 of 1st period - Stopped by Joonas Korpisalo with a rebound.
9:12 of 1st period - Wrist shot by Filip Forsberg.
9:12 of 1st period - Stopped by Joonas Korpisalo without a rebound.
9:13 of 1st period - Adam Henrique wins face-off versus Brandon Sutter in Islanders zone.
9:30 of 1st period - Snap shot by Adam Henrique.
9:30 of 1st period - Shot Misses the Net.
10:15 of 1st period - Penalty to Ryan Ellis is over, Ryan Ellis is back on ice.
10:47 of 1st period - Slapshot by Yann Sauvé.
10:47 of 1st period - Deflect By Brian Ferlin.
10:47 of 1st period - Shot Misses the Net.
10:47 of 1st period - Puck is out of play.
10:48 of 1st period - Jamie Arniel wins face-off versus Devin Shore in Blues zone.
10:55 of 1st period - Snap shot by Brian Ferlin.
10:55 of 1st period - Stopped by Carey Price without a rebound.
10:56 of 1st period - Nathan MacKinnon wins face-off versus Brayden Schenn in Blues zone.
11:07 of 1st period - Brock McGinn is hit by Josh Morrissey and loses puck.
11:26 of 1st period - Wrist shot by Vladimir Tarasenko.
11:26 of 1st period - Stopped by Carey Price with a rebound.
11:32 of 1st period - Snap shot by Drew Shore.
11:32 of 1st period - Stopped by Joonas Korpisalo without a rebound.
11:33 of 1st period - Nathan MacKinnon wins face-off versus Brandon Sutter in Islanders zone.
11:36 of 1st period - Wrist shot by Nathan MacKinnon.
11:36 of 1st period - Stopped by Joonas Korpisalo without a rebound.
11:37 of 1st period - Brandon Sutter wins face-off versus Nathan MacKinnon in Islanders zone.
11:53 of 1st period - Off-side.
11:54 of 1st period - Devin Shore wins face-off versus Brayden Schenn in neutral zone.
12:21 of 1st period - Brian Ferlin is hit by Filip Forsberg and loses puck.
12:30 of 1st period - Snap shot by Nikolaj Ehlers.
12:30 of 1st period - Stopped by Joonas Korpisalo with a rebound.
12:32 of 1st period - Slapshot by Ethan Bear.
12:32 of 1st period - Stopped by Joonas Korpisalo with a rebound.
12:48 of 1st period - Snap shot by Kellan Lain.
12:48 of 1st period - Stopped by Carey Price with a rebound.
13:11 of 1st period - Minor Penalty to Yann Sauvé for Tripping.
13:12 of 1st period - Brayden Schenn wins face-off versus Nathan MacKinnon in Islanders zone.
14:47 of 1st period - David Perron is hit by Brandon Sutter and loses puck.
15:11 of 1st period - Penalty to Yann Sauvé is over, Yann Sauvé is back on ice.
15:45 of 1st period - Teuvo Teravainen is hit by Emerson Etem and loses puck.
15:50 of 1st period - Snap shot by Emerson Etem.
15:50 of 1st period - Stopped by Carey Price with a rebound.
16:10 of 1st period - Brandon Sutter is hit by Travis Sanheim and loses puck.
18:05 of 1st period - Brayden Schenn is hit by Jordan Kyrou and loses puck.
18:27 of 1st period - Wrist shot by Teuvo Teravainen.
18:27 of 1st period - Deflect By Jujhar Khaira.
18:27 of 1st period - Stopped by Joonas Korpisalo without a rebound.
18:28 of 1st period - Devin Shore wins face-off versus Michael Latta in Islanders zone.
18:29 of 1st period - Slapshot by Teuvo Teravainen.
18:29 of 1st period - Deflect By Devin Shore.
18:29 of 1st period - Shot Misses the Net.
18:29 of 1st period - Puck is out of play.
18:30 of 1st period - Nathan MacKinnon wins face-off versus Michael Latta in Islanders zone.
19:15 of 1st period - Slapshot by Michael Latta.
19:15 of 1st period - Stopped by Carey Price with a rebound.
19:17 of 1st period - Slapshot by Ryan Ellis.
19:17 of 1st period - Shot Misses the Net.
19:53 of 1st period - Wrist shot by Nikolaj Ehlers.
19:53 of 1st period - Stopped by Joonas Korpisalo with a rebound.
19:55 of 1st period - Slapshot by Cody Ceci.
19:55 of 1st period - Stopped by Joonas Korpisalo with a rebound.
19:57 of 1st period - Snap shot by Filip Forsberg.
19:57 of 1st period - Shot Misses the Net.
Goals for this period are 1 for Blues vs 0 for Islanders.
Shots for this period are 12 for Blues vs 12 for Islanders.

2nd period


0:01 of 2nd period - Nathan MacKinnon wins face-off versus Brayden Schenn in neutral zone.
0:26 of 2nd period - Seth Jones is hit by Brian Ferlin and loses puck.
0:55 of 2nd period - Wrist shot by Filip Forsberg.
0:55 of 2nd period - Stopped by Joonas Korpisalo with a rebound.
0:57 of 2nd period - Slapshot by Josh Morrissey.
0:57 of 2nd period - Stopped by Joonas Korpisalo with a rebound.
1:15 of 2nd period - Ryan Ellis is hit by Nikolaj Ehlers and loses puck.
1:26 of 2nd period - Snap shot by Nathan MacKinnon.
1:26 of 2nd period - Stopped by Joonas Korpisalo with a rebound.
1:44 of 2nd period - Brandon Montour is hit by Jamie Arniel.
2:06 of 2nd period - Nikita Zadorov is hit by Filip Forsberg and loses puck.
3:07 of 2nd period - Snap shot by Nikolaj Ehlers.
3:07 of 2nd period - Shot Misses the Net.
3:09 of 2nd period - Snap shot by Brandon Montour.
3:09 of 2nd period - Stopped by Joonas Korpisalo without a rebound.
3:10 of 2nd period - Devin Shore wins face-off versus Brayden Schenn in Islanders zone.
3:48 of 2nd period - Minor Penalty to Cody Ceci for Slashing.
3:49 of 2nd period - Drew Shore wins face-off versus Brayden Schenn in Blues zone.
4:31 of 2nd period - Devin Shore is hit by Vladimir Tarasenko and loses puck.
5:48 of 2nd period - Penalty to Cody Ceci is over, Cody Ceci is back on ice.
6:05 of 2nd period - Slapshot by Emerson Etem.
6:05 of 2nd period - Shot Blocked by Dominik Simon.
6:47 of 2nd period - Yann Sauvé is hit by David Perron and loses puck.
6:52 of 2nd period - Wrist shot by Nick Schmaltz.
6:52 of 2nd period - Stopped by Joonas Korpisalo with a rebound.
8:32 of 2nd period - Brian Ferlin is hit by Nick Schmaltz and loses puck.
9:15 of 2nd period - Dominik Simon is hit by Brady Skjei.
10:07 of 2nd period - Jason Akeson is hit by Cody Ceci and loses puck.
11:08 of 2nd period - Brayden Schenn is hit by Drew Shore and loses puck.
11:20 of 2nd period - Minor Penalty to Ryan Ellis for Roughing.
11:21 of 2nd period - Nathan MacKinnon wins face-off versus Brayden Schenn in Islanders zone.
11:36 of 2nd period - Wrist shot by Nathan MacKinnon.
11:36 of 2nd period - Stopped by Joonas Korpisalo without a rebound.
11:37 of 2nd period - Nathan MacKinnon wins face-off versus Brayden Schenn in Islanders zone.
11:44 of 2nd period - Snap shot by Nathan MacKinnon.
11:44 of 2nd period - Stopped by Joonas Korpisalo with a rebound.
11:46 of 2nd period - Snap shot by Filip Forsberg.
11:46 of 2nd period - Deflect By Nathan MacKinnon.
11:46 of 2nd period - Stopped by Joonas Korpisalo with a rebound.
11:48 of 2nd period - Snap shot by Teuvo Teravainen.
11:48 of 2nd period - Deflect By Nathan MacKinnon.
11:48 of 2nd period - Stopped by Joonas Korpisalo without a rebound.
11:49 of 2nd period - Nathan MacKinnon wins face-off versus Brayden Schenn in Islanders zone.
12:16 of 2nd period - Brayden Schenn is hit by Nikolaj Ehlers and loses puck.
12:39 of 2nd period - Travis Sanheim is hit by Dylan McIlrath.
13:20 of 2nd period - Penalty to Ryan Ellis is over, Ryan Ellis is back on ice.
13:37 of 2nd period - Wrist shot by Jordan Kyrou.
13:37 of 2nd period - Shot Misses the Net.
13:39 of 2nd period - Wrist shot by Jordan Kyrou.
13:39 of 2nd period - Stopped by Joonas Korpisalo without a rebound.
13:40 of 2nd period - Brandon Sutter wins face-off versus Adam Henrique in Islanders zone.
13:45 of 2nd period - David Perron is hit by Nikita Zadorov and loses puck.
14:28 of 2nd period - Teuvo Teravainen is hit by Yann Sauvé and loses puck.
14:49 of 2nd period - Snap shot by Nathan MacKinnon.
14:49 of 2nd period - Stopped by Joonas Korpisalo with a rebound.
14:53 of 2nd period - Wrist shot by Nathan MacKinnon.
14:53 of 2nd period - Shot Misses the Net.
14:55 of 2nd period - Wrist shot by Filip Forsberg.
14:55 of 2nd period - Shot Misses the Net.
15:09 of 2nd period - Snap shot by Vladimir Tarasenko.
15:09 of 2nd period - Shot Misses the Net.
15:11 of 2nd period - Snap shot by Brayden Schenn.
15:11 of 2nd period - Stopped by Carey Price without a rebound.
15:12 of 2nd period - Brayden Schenn wins face-off versus Devin Shore in Blues zone.
15:13 of 2nd period - Wrist shot by Brock McGinn.
15:13 of 2nd period - Stopped by Carey Price with a rebound.
15:15 of 2nd period - Slapshot by Nikita Zadorov.
15:15 of 2nd period - Stopped by Carey Price with a rebound.
15:23 of 2nd period - Snap shot by Vladimir Tarasenko.
15:23 of 2nd period - Stopped by Carey Price without a rebound.
15:24 of 2nd period - Vladimir Tarasenko wins face-off versus Nathan MacKinnon in Blues zone.
15:25 of 2nd period - Wrist shot by Brayden Schenn.
15:25 of 2nd period - Stopped by Carey Price with a rebound.
15:27 of 2nd period - Snap shot by Brayden Schenn.
15:27 of 2nd period - Deflect By Filip Forsberg.
15:27 of 2nd period - Shot Misses the Net.
15:27 of 2nd period - Puck is out of play.
15:28 of 2nd period - Brock McGinn wins face-off versus Nathan MacKinnon in Blues zone.
15:34 of 2nd period - Off-side.
15:35 of 2nd period - Nathan MacKinnon wins face-off versus Brayden Schenn in neutral zone.
15:42 of 2nd period - Slapshot by Nathan MacKinnon.
15:42 of 2nd period - Stopped by Joonas Korpisalo with a rebound.
15:44 of 2nd period - Slapshot by Cody Ceci.
15:44 of 2nd period - Shot Misses the Net.
15:46 of 2nd period - Slapshot by Seth Jones.
15:46 of 2nd period - Shot Misses the Net.
15:48 of 2nd period - Snap shot by Filip Forsberg.
15:48 of 2nd period - Deflect By Nikolaj Ehlers.
15:48 of 2nd period - Stopped by Joonas Korpisalo with a rebound.
15:50 of 2nd period - Slapshot by Seth Jones.
15:50 of 2nd period - Shot Misses the Net.
15:52 of 2nd period - Slapshot by Cody Ceci.
15:52 of 2nd period - Shot Misses the Net.
16:44 of 2nd period - Sergei Plotnikov is hit by Drew Shore and loses puck.
17:25 of 2nd period - Wrist shot by Devin Shore.
17:25 of 2nd period - Stopped by Joonas Korpisalo with a rebound.
17:27 of 2nd period - Slapshot by Devin Shore.
17:27 of 2nd period - Shot Blocked by Dylan McIlrath.
17:29 of 2nd period - Slapshot by Cody Ceci.
17:29 of 2nd period - Stopped by Joonas Korpisalo without a rebound.
17:30 of 2nd period - Brandon Sutter wins face-off versus Devin Shore in Islanders zone.
17:36 of 2nd period - Slapshot by Gabriel Carlsson.
17:36 of 2nd period - Shot Blocked by Teuvo Teravainen.
17:38 of 2nd period - Slapshot by Brandon Sutter.
17:38 of 2nd period - Stopped by Carey Price with a rebound.
17:52 of 2nd period - Wrist shot by Kellan Lain.
17:52 of 2nd period - Deflect By Garnet Hathaway.
17:52 of 2nd period - Shot Blocked by Cody Ceci.
17:52 of 2nd period - Puck is out of play.
17:53 of 2nd period - Brayden Schenn wins face-off versus Nathan MacKinnon in Blues zone.
18:05 of 2nd period - Icing by Brandon Montour.
18:06 of 2nd period - Nathan MacKinnon wins face-off versus Brayden Schenn in Blues zone.
18:19 of 2nd period - Wrist shot by Nathan MacKinnon.
18:19 of 2nd period - Shot Misses the Net.
18:21 of 2nd period - Slapshot by Brandon Montour.
18:21 of 2nd period - Deflect By Nikolaj Ehlers.
18:21 of 2nd period - Shot Blocked by Ryan Ellis.
18:21 of 2nd period - Puck is out of play.
18:22 of 2nd period - Brandon Sutter wins face-off versus Devin Shore in Islanders zone.
18:55 of 2nd period - Slapshot by Brock McGinn.
18:55 of 2nd period - Shot Misses the Net.
18:57 of 2nd period - Slapshot by Yann Sauvé.
18:57 of 2nd period - Stopped by Carey Price with a rebound.
18:59 of 2nd period - Wrist shot by Brock McGinn.
18:59 of 2nd period - Shot Misses the Net.
19:09 of 2nd period - Nikolaj Ehlers is hit by Dylan McIlrath and loses puck.
Goals for this period are 0 for Blues vs 0 for Islanders.
Shots for this period are 15 for Blues vs 7 for Islanders.

3rd period


0:01 of 3rd period - Nathan MacKinnon wins face-off versus Brayden Schenn in neutral zone.
0:08 of 3rd period - Wrist shot by Nathan MacKinnon.
0:08 of 3rd period - Shot Misses the Net.
0:26 of 3rd period - Nikolaj Ehlers is hit by Jason Akeson and loses puck.
0:39 of 3rd period - Wrist shot by Jason Akeson.
0:39 of 3rd period - Shot Misses the Net.
1:01 of 3rd period - Wrist shot by Devin Shore.
1:01 of 3rd period - Stopped by Joonas Korpisalo without a rebound.
1:02 of 3rd period - Adam Henrique wins face-off versus Brayden Schenn in Islanders zone.
1:03 of 3rd period - Snap shot by David Perron.
1:03 of 3rd period - Stopped by Joonas Korpisalo without a rebound.
1:04 of 3rd period - Brayden Schenn wins face-off versus Adam Henrique in Islanders zone.
1:11 of 3rd period - Backhand shot by Vladimir Tarasenko.
1:11 of 3rd period - Shot Misses the Net.
1:13 of 3rd period - Slapshot by Nikita Zadorov.
1:13 of 3rd period - Stopped by Carey Price without a rebound.
1:14 of 3rd period - Devin Shore wins face-off versus Brayden Schenn in Blues zone.
1:14 of 3rd period - Devin Shore is hit by Ryan Ellis.
1:46 of 3rd period - Slapshot by Ryan Ellis.
1:46 of 3rd period - Shot Blocked by Nathan MacKinnon.
2:13 of 3rd period - Slapshot by Ethan Bear.
2:13 of 3rd period - Stopped by Joonas Korpisalo with a rebound.
2:15 of 3rd period - Snap shot by David Perron.
2:15 of 3rd period - Shot Misses the Net.
2:17 of 3rd period - Slapshot by Travis Sanheim.
2:17 of 3rd period - Stopped by Joonas Korpisalo with a rebound.
2:29 of 3rd period - Slapshot by Ethan Bear.
2:29 of 3rd period - Shot Misses the Net.
2:31 of 3rd period - Snap shot by Ethan Bear.
2:31 of 3rd period - Shot Blocked by Dylan McIlrath.
2:37 of 3rd period - Wrist shot by Jordan Kyrou.
2:37 of 3rd period - Stopped by Joonas Korpisalo without a rebound.
2:38 of 3rd period - Devin Shore wins face-off versus Brayden Schenn in Islanders zone.
3:51 of 3rd period - Wrist shot by Teuvo Teravainen.
3:51 of 3rd period - Stopped by Joonas Korpisalo with a rebound.
3:53 of 3rd period - Snap shot by Devin Shore.
3:53 of 3rd period - Stopped by Joonas Korpisalo with a rebound.
3:55 of 3rd period - Snap shot by Teuvo Teravainen.
3:55 of 3rd period - Deflect By Jujhar Khaira.
3:55 of 3rd period - Stopped by Joonas Korpisalo without a rebound.
3:56 of 3rd period - Devin Shore wins face-off versus Brock McGinn in Islanders zone.
3:59 of 3rd period - Snap shot by Teuvo Teravainen.
3:59 of 3rd period - Shot Misses the Net.
4:09 of 3rd period - Snap shot by Teuvo Teravainen.
4:09 of 3rd period - Stopped by Joonas Korpisalo with a rebound.
5:54 of 3rd period - Wrist shot by Josh Morrissey.
5:54 of 3rd period - Deflect By Nikolaj Ehlers.
5:54 of 3rd period - Shot Misses the Net.
5:54 of 3rd period - Puck is out of play.
5:55 of 3rd period - Devin Shore wins face-off versus Brayden Schenn in Islanders zone.
6:02 of 3rd period - Snap shot by Jujhar Khaira.
6:02 of 3rd period - Shot Blocked by Gabriel Carlsson.
6:04 of 3rd period - Snap shot by Jujhar Khaira.
6:04 of 3rd period - Goal by Jujhar Khaira - Blues : 2 - Islanders : 0.
6:05 of 3rd period - Brayden Schenn wins face-off versus Nathan MacKinnon in neutral zone.
6:12 of 3rd period - Slapshot by Ryan Ellis.
6:12 of 3rd period - Stopped by Carey Price without a rebound.
6:13 of 3rd period - Nathan MacKinnon wins face-off versus Brayden Schenn in Blues zone.
6:18 of 3rd period - Nikita Zadorov is hit by Nikolaj Ehlers and loses puck.
6:49 of 3rd period - Cody Ceci is hit by Ryan Ellis and loses puck.
6:58 of 3rd period - Snap shot by Vladimir Tarasenko.
6:58 of 3rd period - Stopped by Carey Price with a rebound.
7:48 of 3rd period - Snap shot by Filip Forsberg.
7:48 of 3rd period - Shot Misses the Net.
8:26 of 3rd period - Wrist shot by Brayden Schenn.
8:26 of 3rd period - Stopped by Carey Price without a rebound.
8:27 of 3rd period - Brandon Sutter wins face-off versus Devin Shore in Blues zone.
8:28 of 3rd period - Wrist shot by Kellan Lain.
8:28 of 3rd period - Shot Misses the Net.
8:30 of 3rd period - Wrist shot by Garnet Hathaway.
8:30 of 3rd period - Shot Misses the Net.
8:32 of 3rd period - Snap shot by Kellan Lain.
8:32 of 3rd period - Shot Blocked by Josh Morrissey.
9:20 of 3rd period - Snap shot by Dylan McIlrath.
9:20 of 3rd period - Stopped by Carey Price with a rebound.
9:22 of 3rd period - Slapshot by Dylan McIlrath.
9:22 of 3rd period - Deflect By Ethan Bear.
9:22 of 3rd period - Stopped by Carey Price with a rebound.
9:24 of 3rd period - Snap shot by Brian Ferlin.
9:24 of 3rd period - Deflect By Jamie Arniel.
9:24 of 3rd period - Stopped by Carey Price with a rebound.
10:26 of 3rd period - Garnet Hathaway is hit by Devin Shore.
10:30 of 3rd period - Teuvo Teravainen is hit by Garnet Hathaway and loses puck.
10:45 of 3rd period - Gabriel Carlsson is hit by Travis Sanheim and loses puck.
13:46 of 3rd period - Nikita Zadorov is hit by Devin Shore and loses puck.
13:53 of 3rd period - Devin Shore is hit by Michael Latta and loses puck.
14:29 of 3rd period - Brady Skjei is hit by Brandon Montour and loses puck.
15:31 of 3rd period - Kellan Lain is hit by Nathan MacKinnon and loses puck.
15:59 of 3rd period - Cody Ceci is hit by Sergei Plotnikov and loses puck.
16:20 of 3rd period - Snap shot by Emerson Etem.
16:20 of 3rd period - Shot Misses the Net.
16:22 of 3rd period - Snap shot by Jason Akeson.
16:22 of 3rd period - Stopped by Carey Price with a rebound.
16:52 of 3rd period - Dylan McIlrath is hit by Josh Morrissey and loses puck.
17:35 of 3rd period - Devin Shore is hit by Jason Akeson and loses puck.
17:48 of 3rd period - Yann Sauvé is hit by Filip Forsberg and loses puck.
18:49 of 3rd period - Teuvo Teravainen is hit by Garnet Hathaway and loses puck.
Goals for this period are 1 for Blues vs 0 for Islanders.
Shots for this period are 10 for Blues vs 8 for Islanders.